PCL
RENO ACES @ TACOMA RAINIERS
06/28/2099
 
TOP OF THE 1ST
Reno Aces batting - Pitching for Tacoma Rainiers : RHP Mike LaCoursiere
Pitching: RHP Mike LaCoursiere
Batting: LHB Josh Jessey 0-0: Ball
1-0: Ball
2-0: Called Strike
2-1: Swinging Strike
2-2: Ball
3-2: Base on Balls
Batting: RHB Bobby Bye 0-0: Foul Ball, location: 9LSF
0-1: Ball
1-1: Ball
2-1: Called Strike
2-2: Ball
3-2: Strikes out swinging
Batting: RHB Thomas Montgomery 0-0: Ball
1-0: Called Strike
1-1: Called Strike
Josh Jessey steals 2nd base
1-2: Ground out 5-3 (Groundball, 56, EV 80.0 MPH)
Batting: SHB Macario Castro 0-0: Ball
1-0: Called Strike
1-1: SINGLE (Groundball, 4D, EV 95.0 MPH)
Josh Jessey to third
Runner from 3rd tries for Home, SAFE, throw by RF to home
Batting: RHB Jeff Sanfillipo 0-0: SINGLE (Groundball, 4MS, EV 67.5 MPH) (infield hit)
Macario Castro to second
Batting: RHB Ron Ellis 0-0: Called Strike
0-1: DOUBLE (Line Drive, 89D, EV 98.8 MPH)
Macario Castro scores
Jeff Sanfillipo to third
Runner from 3rd tries for Home, SAFE, throw by RF to home
Batting: LHB Jim Unknown 0-0: Called Strike
0-1: Ball
1-1: Called Strike
1-2: Foul Ball, location: 2F
1-2: Foul Ball, location: 7LMF
1-2: Foul Ball, location: 2F
1-2: Strikes out swinging
Top of the 1st over - 3 runs, 3 hits, 0 errors, 1 left on base; Reno 3 - Tacoma 0
BOTTOM OF THE 1ST
Tacoma Rainiers batting - Pitching for Reno Aces : RHP Nathaniel Valmont
Pitching: RHP Nathaniel Valmont
Batting: RHB Sean Boyd 0-0: Called Strike
0-1: Called Strike
0-2: Foul Ball, location: 2F
0-2: Ball
1-2: Foul Ball, location: 2F
1-2: Strikes out swinging, 2-3 out at first.
Batting: RHB John Ramirez 0-0: Called Strike
0-1: SINGLE (Groundball, 25, EV 71.3 MPH) (infield hit)
Batting: LHB Keith Bundy 0-0: Swinging Strike
0-1: Ball
1-1: Foul Ball, location: 2F
1-2: Ball
2-2: Strikes out looking
Batting: RHB Dan Shell 0-0: Ball
1-0: Called Strike
1-1: Ground out 4-3 (Groundball, 34D, EV 86.9 MPH)
Bottom of the 1st over - 0 runs, 1 hit, 0 errors, 1 left on base; Reno 3 - Tacoma 0
TOP OF THE 2ND
Reno Aces batting - Pitching for Tacoma Rainiers : RHP Mike LaCoursiere
Batting: RHB Jim Unknown 0-0: Called Strike
0-1: Ball
1-1: Foul Ball, location: 2F
1-2: Foul Ball, location: 2RF
1-2: Foul Ball, location: 9LDF
1-2: Strikes out looking
Batting: RHB Jim Unknown 0-0: Ball
1-0: Ball
2-0: Foul Ball, location: 23F
2-1: Ground out 4-3 (Groundball, 4M, EV 86.3 MPH)
Batting: LHB Josh Jessey 0-0: Ball
1-0: Foul Ball, location: 2F
1-1: Ball
2-1: Ball
3-1: Ground out U3 (Groundball, 34S, EV 83.8 MPH)
Top of the 2nd over - 0 runs, 0 hits, 0 errors, 0 left on base; Reno 3 - Tacoma 0
BOTTOM OF THE 2ND
Tacoma Rainiers batting - Pitching for Reno Aces : RHP Nathaniel Valmont
Batting: RHB Alan Burdett 0-0: Foul Ball, location: 3DF
0-1: Ball
1-1: Ball
2-1: Called Strike
2-2: Foul Ball, location: 2F
2-2: Strikes out swinging, 2-3 out at first.
Batting: LHB Ben Foster 0-0: Fly out, F4 (Popup, 4MS, EV 80.6 MPH)
Batting: RHB Danny Dominguez 0-0: Ground out 5-3 (Groundball, 56, EV 102.5 MPH)
Bottom of the 2nd over - 0 runs, 0 hits, 0 errors, 0 left on base; Reno 3 - Tacoma 0
TOP OF THE 3RD
Reno Aces batting - Pitching for Tacoma Rainiers : RHP Mike LaCoursiere
Batting: RHB Bobby Bye 0-0: Ball
1-0: Called Strike
1-1: Ball
2-1: SINGLE (Line Drive, 3D, EV 101.3 MPH)
Batting: RHB Thomas Montgomery 0-0: Called Strike
0-1: Swinging Strike
0-2: Ball
1-2: SINGLE (Line Drive, 8RS, EV 104.4 MPH)
Bobby Bye to second
Batting: SHB Macario Castro 0-0: Ball
1-0: Fly out, F4 (Popup, 4D, EV 53.1 MPH)
Batting: RHB Jeff Sanfillipo 0-0: Grounds into double play, 6-4-3 (Groundball, 6, EV 75.6 MPH)
Top of the 3rd over - 0 runs, 2 hits, 0 errors, 1 left on base; Reno 3 - Tacoma 0
BOTTOM OF THE 3RD
Tacoma Rainiers batting - Pitching for Reno Aces : RHP Nathaniel Valmont
Batting: RHB Jason Sweeney 0-0: Called Strike
0-1: Ball
1-1: Ground out 4-3 (Groundball, 4, EV 91.9 MPH)
Batting: RHB Andy Mason 0-0: Ball
1-0: Swinging Strike
1-1: Ball
2-1: Foul Ball, location: 7LMF
2-2: Ball
3-2: Base on Balls
Batting: RHB Sean Boyd 0-0: Ball
1-0: Foul Ball, location: 2F
1-1: Ball
2-1: SINGLE (Groundball, 6MD, EV 110.0 MPH)
Andy Mason to second
Batting: RHB John Ramirez 0-0: Foul Ball, location: 2F
0-1: SINGLE (Groundball, 6MD, EV 110.0 MPH)
Andy Mason to third
Sean Boyd to second
Batting: LHB Keith Bundy 0-0: Ball
1-0: Ball
2-0: Foul Ball, location: 5FF
2-1: Foul Ball, location: 7LMF
2-2: Strikes out swinging
Batting: RHB Dan Shell 0-0: Foul Ball, location: 2F
0-1: Ball
1-1: Ball
2-1: Called Strike
2-2: SINGLE (Groundball, 6MD, EV 98.8 MPH)
Andy Mason scores
Sean Boyd to third
John Ramirez to second
Runner from 3rd tries for Home, SAFE, throw by CF to home
Batting: RHB Alan Burdett 0-0: Ball
1-0: Ball
2-0: Ball
3-0: Fly out, F9 (Flyball, 9S, EV 89.4 MPH)
Bottom of the 3rd over - 2 runs, 3 hits, 0 errors, 2 left on base; Reno 3 - Tacoma 2
TOP OF THE 4TH
Reno Aces batting - Pitching for Tacoma Rainiers : RHP Mike LaCoursiere
Batting: RHB Ron Ellis 0-0: Ball
1-0: Fly out, F3 (Line Drive, 3, EV 70.6 MPH)
Batting: LHB Jim Unknown 0-0: Ball
1-0: Ball
2-0: Ball
3-0: Called Strike
3-1: SINGLE (Groundball, 34D, EV 103.8 MPH)
Batting: RHB Jim Unknown 0-0: Ball
1-0: Ball
2-0: Called Strike
2-1: Fly out, F7 (Flyball, 7, EV 83.8 MPH)
Batting: RHB Jim Unknown 0-0: Ball
1-0: Ball
2-0: Fielders Choice at 2nd, 6-4 (Groundball, 56, EV 84.4 MPH)
Top of the 4th over - 0 runs, 1 hit, 0 errors, 1 left on base; Reno 3 - Tacoma 2
BOTTOM OF THE 4TH
Tacoma Rainiers batting - Pitching for Reno Aces : RHP Nathaniel Valmont
Batting: LHB Ben Foster 0-0: Foul Ball, location: 7LSF
0-1: Ground out U3 (Groundball, 34S, EV 80.0 MPH)
Batting: RHB Danny Dominguez 0-0: Ball
1-0: Fly out, F7 (Flyball, 7S, EV 87.5 MPH)
Batting: RHB Jason Sweeney 0-0: Ball
1-0: Swinging Strike
1-1: Ground out 4-3 (Groundball, 4M, EV 106.9 MPH)
Bottom of the 4th over - 0 runs, 0 hits, 0 errors, 0 left on base; Reno 3 - Tacoma 2
TOP OF THE 5TH
Reno Aces batting - Pitching for Tacoma Rainiers : RHP Mike LaCoursiere
Batting: LHB Josh Jessey 0-0: Foul Ball, location: 2F
0-1: Foul Ball, location: 2F
0-2: Ground out 5-3 (Groundball, 15, EV 91.9 MPH)
Batting: RHB Bobby Bye 0-0: Ball
1-0: Ball
2-0: SOLO HOME RUN (Flyball, 9D, EV 97.5 MPH), Distance : 372 ft
Batting: RHB Thomas Montgomery 0-0: Ball
1-0: SOLO HOME RUN (Flyball, 89XD, EV 108.8 MPH), Distance : 412 ft
Pitching: RHP Chris Killman
Batting: SHB Macario Castro 0-0: Ground out 4-3 (Groundball, 34, EV 79.4 MPH)
Batting: RHB Jeff Sanfillipo 0-0: Swinging Strike
0-1: SINGLE (Groundball, 4MD, EV 103.8 MPH)
Batting: RHB Ron Ellis 0-0: Ball
1-0: Fly out, F9 (Line Drive, 89M, EV 102.5 MPH)
Top of the 5th over - 2 runs, 3 hits, 0 errors, 1 left on base; Reno 5 - Tacoma 2
BOTTOM OF THE 5TH
Tacoma Rainiers batting - Pitching for Reno Aces : RHP Nathaniel Valmont
Batting: RHB Andy Mason 0-0: Ball
1-0: Ball
2-0: Fly out, F8 (Flyball, 8LM, EV 90.6 MPH)
Batting: RHB Sean Boyd 0-0: SINGLE (Line Drive, 6MD, EV 97.5 MPH)
Batting: RHB John Ramirez 0-0: Ball
1-0: Ball
2-0: Foul Ball, location: 9LDF
2-1: Ball
3-1: Called Strike
3-2: TRIPLE (Flyball, 89XD, EV 106.3 MPH)
Sean Boyd scores
Batting: LHB Keith Bundy 0-0: Ball
1-0: Ball
2-0: Called Strike
2-1: Ball
3-1: Foul Ball, location: 5SF
3-2: Base on Balls
Batting: RHB Dan Shell 0-0: Ball
1-0: Swinging Strike
1-1: Ball
2-1: Ball
3-1: Ground out 6-3 (Groundball, 6M, EV 100.0 MPH)
John Ramirez scores
Keith Bundy to second
Batting: RHB Alan Burdett 0-0: Foul Ball, location: 2F
0-1: Swinging Strike
0-2: Hit by Pitch
Batting: LHB Ben Foster 0-0: Foul Ball, location: 7LDF
0-1: SINGLE (Groundball, 4, EV 104.4 MPH)
Keith Bundy to third
Alan Burdett to second
Runner from 3rd tries for Home, SAFE, throw by CF to home
Pitching: RHP Jim Unknown
Batting: RHB Danny Dominguez 0-0: Foul Ball, location: 23FF
0-1: Ball
1-1: Ball
2-1: Ball
3-1: Called Strike
3-2: Base on Balls
Alan Burdett to third
Ben Foster to second
Batting: RHB Jason Sweeney 0-0: Hit by Pitch
Alan Burdett scores
Ben Foster to third
Danny Dominguez to second
Batting: RHB Andy Mason 0-0: Swinging Strike
0-1: Fly out, F3 (Popup, 3SF, EV 70.6 MPH)
Bottom of the 5th over - 4 runs, 3 hits, 0 errors, 3 left on base; Reno 5 - Tacoma 6
TOP OF THE 6TH
Reno Aces batting - Pitching for Tacoma Rainiers : RHP Chris Killman
Batting: LHB Jim Unknown 0-0: Called Strike
0-1: Fly out, F9 (Flyball, 9, EV 94.4 MPH)
Batting: RHB Jim Unknown 0-0: Foul Ball, location: 3F
0-1: Foul Ball, location: 5FF
0-2: Strikes out looking
Batting: RHB Jim Unknown 0-0: Foul Ball, location: 5SF
0-1: Ball
1-1: Ground out 1-3 (Groundball, 15S, EV 64.4 MPH)
Top of the 6th over - 0 runs, 0 hits, 0 errors, 0 left on base; Reno 5 - Tacoma 6
BOTTOM OF THE 6TH
Tacoma Rainiers batting - Pitching for Reno Aces : RHP Jim Unknown
Batting: RHB Sean Boyd 0-0: Called Strike
0-1: Foul Ball, location: 2F
0-2: Strikes out swinging
Batting: RHB John Ramirez 0-0: Ball
1-0: Called Strike
1-1: Ball
2-1: Foul Ball, location: 7LMFF
2-2: Ball
3-2: Base on Balls
Batting: LHB Keith Bundy 0-0: Ball
John Ramirez is caught stealing 2nd base 2-6
1-0: Ball
2-0: Ball
3-0: Called Strike
3-1: Base on Balls
Batting: RHB Dan Shell 0-0: Ball
1-0: Ball
2-0: Ball
3-0: Called Strike
3-1: Fly out, F8 (Flyball, 8LD, EV 103.8 MPH)
Bottom of the 6th over - 0 runs, 0 hits, 0 errors, 1 left on base; Reno 5 - Tacoma 6
TOP OF THE 7TH
Reno Aces batting - Pitching for Tacoma Rainiers : RHP Chris Killman
Batting: LHB Josh Jessey 0-0: Ball
1-0: Ball
2-0: Foul Ball, location: 2F
2-1: SINGLE (Groundball, 34D, EV 103.8 MPH)
Batting: RHB Bobby Bye 0-0: Ball
1-0: SINGLE (Line Drive, 56D, EV 96.9 MPH)
Josh Jessey to second
Batting: RHB Thomas Montgomery 0-0: Foul Ball, location: 2F
0-1: Ball
1-1: Ball
2-1: Ball
3-1: Base on Balls
Josh Jessey to third
Bobby Bye to second
Batting: SHB Macario Castro 0-0: Ball
1-0: Fly out, F7 (Flyball, 78M, EV 95.6 MPH)
Runner from 3rd tags up, SCORES, throw by LF
Batting: RHB Jeff Sanfillipo 0-0: Called Strike
0-1: Called Strike
0-2: Ball
1-2: Ball
2-2: Grounds into double play, 4-6-3 (Groundball, 4, EV 88.1 MPH)
Top of the 7th over - 1 run, 2 hits, 0 errors, 1 left on base; Reno 6 - Tacoma 6
BOTTOM OF THE 7TH
Tacoma Rainiers batting - Pitching for Reno Aces : RHP Jim Unknown
Pitching: RHP Austin Lubert
Batting: RHB Alan Burdett 0-0: Fly out, F8 (Flyball, 8RS, EV 89.4 MPH)
Batting: LHB Ben Foster 0-0: Ball
1-0: Called Strike
1-1: Ball
2-1: Ball
3-1: Swinging Strike
3-2: Strikes out swinging
Batting: RHB Danny Dominguez 0-0: Ball
1-0: Foul Ball, location: 2LF
1-1: Foul Ball, location: 3FF
1-2: Strikes out swinging
Bottom of the 7th over - 0 runs, 0 hits, 0 errors, 0 left on base; Reno 6 - Tacoma 6
TOP OF THE 8TH
Reno Aces batting - Pitching for Tacoma Rainiers : RHP Chris Killman
Batting: RHB Ron Ellis 0-0: Ball
1-0: Fly out, F7 (Flyball, 7D, EV 90.6 MPH)
Batting: LHB Jim Unknown 0-0: Called Strike
0-1: Ball
1-1: Swinging Strike
1-2: Strikes out swinging, 2-3 out at first.
Batting: RHB Jim Unknown 0-0: Fly out, F7 (Flyball, 7S, EV 83.1 MPH)
Top of the 8th over - 0 runs, 0 hits, 0 errors, 0 left on base; Reno 6 - Tacoma 6
BOTTOM OF THE 8TH
Tacoma Rainiers batting - Pitching for Reno Aces : RHP Austin Lubert
Batting: RHB Jason Sweeney 0-0: Foul Ball, location: 7LMF
0-1: Foul Ball, location: 3SF
0-2: Ball
1-2: Strikes out swinging
Batting: RHB Andy Mason 0-0: Ground out 5-3 (Groundball, 56S, EV 72.5 MPH)
Batting: RHB Sean Boyd 0-0: Ball
1-0: Called Strike
1-1: Ball
2-1: Ball
3-1: Base on Balls
Batting: RHB John Ramirez 0-0: Ball
1-0: Called Strike
1-1: Ball
Sean Boyd steals 2nd base
2-1: SINGLE (Line Drive, 6D, EV 69.4 MPH)
Sean Boyd to third
Runner from 3rd tries for Home, SAFE, throw by LF to home
Batting: LHB Keith Bundy 0-0: Called Strike
0-1: Foul Ball, location: 7LMF
0-2: Foul Ball, location: 2F
0-2: Foul Ball, location: 2F
0-2: Strikes out swinging, 2-3 out at first.
Bottom of the 8th over - 1 run, 1 hit, 0 errors, 1 left on base; Reno 6 - Tacoma 7
TOP OF THE 9TH
Reno Aces batting - Pitching for Tacoma Rainiers : RHP Chris Killman
Pinch Hitting: LHB Chris Blackford 0-0: Ball
1-0: Ball
2-0: Ground out 4-3 (Groundball, 34S, EV 80.0 MPH)
Batting: LHB Josh Jessey 0-0: Ground out 4-3 (Groundball, 4, EV 84.4 MPH)
Batting: RHB Bobby Bye 0-0: SINGLE (Flyball, 5D, EV 85.6 MPH)
Batting: RHB Thomas Montgomery 0-0: Fielders Choice at 2nd, 6-4 (Groundball, 6, EV 85.0 MPH)
Top of the 9th over - 0 runs, 1 hit, 0 errors, 1 left on base; Reno 6 - Tacoma 7
Friday, May 10th , 2024 - OOTP Baseball 24.11 Build 85